Cogmind - Beta 11.1 --- EXPLORER MODE // 2022.11.17 @ 20:49:57 Player: darlorth Result: Escaped! Performance ------------- Evolutions (9) 4500 Regions Visited (12) 2400 Robots Destroyed (38) 190 Value Destroyed (1005) 1005 Prototype IDs (10) 200 Alien Tech Used (0) 0 Bonus (4205) 4205 TOTAL SCORE: 12500 Bonus ------- Pacifist 270 Aligned with FarCom 300 Win 3000 Win Speed 635 Cogmind --------- Core Integrity 1600/1600 Matter 280/300 Energy 398/400 System Corruption 0% Temperature Cool (4) Movement Flying (32) Location To Epsilon Eridani Parts ------- > --- POWER (2) -------- Micro Antimatter Reactor Micro Antimatter Reactor > --- PROPULSION (8) --- Field Propulsion Array Field Propulsion Array Field Propulsion Array Impulse Thruster Array > --- UTILITY (14) ----- Advanced Power Amplifier Medium Storage Unit Compact Battery Advanced Weight Redist. System Advanced Visual Processing Unit Stasis Canceller Advanced Transmission Jammer Improved Force Field Experimental Hacking Suite Experimental Hacking Suite Experimental Hacking Suite Experimental Hacking Suite Experimental Hacking Suite Advanced System Shield > --- WEAPON (2) ------- Heavy Pick Heavy Pick > --- INVENTORY (10) --- Light Antimatter Reactor Particle Reactor Impulse Thruster Array Core Analyzer Enhanced Nova Cannon Peak State ------------ > --- POWER ------------ Particle Reactor Micro Antimatter Reactor > --- PROPULSION ------- Field Propulsion Array Field Propulsion Array Field Propulsion Array Impulse Thruster Array > --- UTILITY ---------- Advanced Power Amplifier Medium Storage Unit Compact Battery Advanced Weight Redist. System Advanced Visual Processing Unit Advanced Transmission Jammer Improved Force Field Experimental Hacking Suite Experimental Hacking Suite Experimental Hacking Suite Experimental Hacking Suite Experimental Hacking Suite Experimental Hacking Suite Advanced System Shield > --- WEAPON ----------- Heavy Pick Heavy Pick > --- INVENTORY -------- Light Antimatter Reactor Micro Antimatter Reactor Impulse Thruster Array Advanced Signal Interpreter Core Analyzer Stasis Canceller Enhanced Nova Cannon [Rating: 174] Favorites ----------- Power Micro Nuclear Core Engine Light Ion Engine Power Core Micro Nuclear Core Reactor Particle Reactor Propulsion Field Propulsion Array Treads Light Treads Flight Unit Field Propulsion Array Utility Experimental Hacking Suite Device Advanced Weight Redist. System Storage Medium Storage Unit Processor Advanced Visual Processing Unit Hackware Experimental Hacking Suite Protection Improved Medium Armor Plating Weapon Great Axe Energy Gun Medium Laser Energy Cannon Beam Cannon Ballistic Gun Light Assault Rifle Launcher Improved Proton Missile Launcher Impact Weapon Heavy Flail Slashing Weapon Great Axe Piercing Weapon Heavy Pick Special Melee Weapon Improved Datajack Build | -11 -10 -10 -10 -9 -8 -7 -6 -5 -4 -3 -2 -1 ------- Run | Scr Mat Min Exi Min Mat Fac Fac Fac Fac Res Res Acc Slots Evolved 19 | . 1 . . . 4 2 2 2 2 2 2 2 Power 1 | . 1 . . . . . . . . . . . Propulsion 6 | . . . . . 2 . 1 1 . 2 . . Utility 12 | . . . . . 2 2 1 1 2 . 2 2 Weapon . | . . . . . . . . . . . . . Parts Attached 122 | 8 1 . 1 2 19 10 14 20 14 11 18 4 Power 19 | 2 . . . . 2 . 3 2 3 2 4 1 Engine 8 | 2 . . . . 2 . 2 1 1 . . . Core 4 | . . . . . . . 1 1 2 . . . Reactor 7 | . . . . . . . . . . 2 4 1 Propulsion 30 | 2 . . . . 6 2 7 6 1 3 3 . Treads 4 | 2 . . . . 2 . . . . . . . Leg . | . . . . . . . . . . . . . Wheel . | . . . . . . . . . . . . . Hover . | . . . . . . . . . . . . . Flight 26 | . . . . . 4 2 7 6 1 3 3 . Utility 54 | 2 . . 1 2 6 5 3 9 10 2 11 3 Device 20 | 1 . . 1 . 1 2 2 2 3 1 6 1 Storage 6 | . . . . 1 . 1 . 2 1 . 1 . Processor 7 | 1 . . . . 1 1 . 2 . . 1 1 Hackware 15 | . . . . . 2 1 1 3 4 . 3 1 Protection 6 | . . . . 1 2 . . . 2 1 . . Artifact . | . . . . . . . . . . . . . Weapon 19 | 2 1 . . . 5 3 1 3 . 4 . . Energy Gun 1 | 1 . . . . . . . . . . . . Energy Cannon 5 | . 1 . . . 4 . . . . . . . Ballistic Gun 1 | 1 . . . . . . . . . . . . Ballistic Cannon . | . . . . . . . . . . . . . Launcher 1 | . . . . . . . . 1 . . . . Special Weapon . | . . . . . . . . . . . . . Impact Weapon 2 | . . . . . 1 . . . . 1 . . Slashing Weapon 6 | . . . . . . 3 . 2 . 1 . . Piercing Weapon 2 | . . . . . . . . . . 2 . . Special Melee Weapon 1 | . . . . . . . 1 . . . . . Unidentified Prototypes 6 | . . . 1 . . . 1 3 . . 1 . Parts Lost 24 | . . . . . 4 1 6 4 5 . 3 1 Power 5 | . . . . . 1 . 1 1 1 . 1 . Propulsion 11 | . . . . . 2 . 3 3 2 . 1 . Utility 6 | . . . . . . 1 1 . 2 . 1 1 Weapon 2 | . . . . . 1 . 1 . . . . . Highest Loss Streak 3 | . . . . . 2 1 2 1 2 . 3 1 To Critical Strikes 1 | . . . . . . . . 1 . . . . Average Slot Usage (%) 84 | . 86 87 84 87 73 88 94 89 86 72 81 82 Engine 5 | . 12 12 12 12 13 7 5 1 4 . . . Core 2 | . . . . . . . 5 8 4 . . . Reactor 1 | . . . . . . . . . . 7 7 7 Treads 5 | . 25 25 25 25 7 . . . . . . . Flight 16 | . . . . . 18 27 30 23 18 15 16 15 Device 10 | . 12 12 9 7 4 10 6 11 14 13 13 15 Storage 4 | . . . . 4 5 . 6 7 5 4 7 7 Processor 4 | . 12 12 12 7 1 12 6 2 . . . 3 Hackware 16 | . . . . . 2 16 21 21 29 22 26 25 Protection 1 | . . . . 4 4 . . . 1 2 . . Energy Gun 2 | . 12 12 12 12 . . . . . . . . Energy Cannon 2 | . 2 12 12 12 10 . . . . . . . Slashing Weapon 4 | . . . . . . 10 6 10 9 3 . . Piercing Weapon 1 | . . . . . . . . . . . 8 7 Naked Turns . | . . . . . . . . . . . . . Heaviest Build 64 | 7 9 9 9 21 30 23 30 37 43 64 63 59 Greatest Support 83 | 40 40 40 40 40 83 23 38 48 49 67 70 70 Greatest Overweight (x) 4 | . . . . . 4 . . . 1 1 . . Average Overweight (x) . | . . . . . . . . . . . . . Largest Inventory Capacity 10 | 5 5 5 5 10 10 10 10 10 10 10 10 10 Average Capacity 8 | 5 5 5 5 7 8 5 10 10 10 10 10 10 Most Carried 10 | 5 5 5 5 9 10 5 8 10 10 10 10 8 Average Carried 7 | 2 5 5 5 6 7 4 6 8 9 7 8 7 Final Capacity 10 | 5 5 5 5 10 5 10 10 10 10 10 10 10 Final Carried 10 | 5 5 5 5 9 4 5 6 10 10 8 9 6 Class Distribution -------------------- 44% | Wizard-Sprinter 28% | Hacker-Mutant 13% | Hacker-Sprinter 6% | Hacker-Scout 4% | Wizard-Mutant Dominant Class ---------------- Hacker-Mutant | -10/Materials Hacker-Mutant | -10/Mines Hacker-Mutant | -10/Exiles Hacker-Skirmisher | -9/Mines Hacker-Mutant | -8/Materials Hacker-Scout | -7/Factory Hacker-Sprinter | -6/Factory Wizard-Sprinter | -5/Factory Wizard-Sprinter | -4/Factory Wizard-Sprinter | -3/Research Wizard-Sprinter | -2/Research Wizard-Sprinter | -1/Access Resources | -11 -10 -10 -10 -9 -8 -7 -6 -5 -4 -3 -2 -1 ----------- Run | Scr Mat Min Exi Min Mat Fac Fac Fac Fac Res Res Acc Matter Collected 1601 | 219 . . . 19 243 107 130 217 270 103 263 30 Remotely . | . . . . . . . . . . . . . Salvage Created 1586 | . . . . . 311 197 16 399 238 103 282 40 Parts 93 | . . . . . 18 9 1 25 14 5 19 2 Haulers Intercepted 4 | . . . . . 1 1 . 1 . 1 . . Recyclers Shooed . | . . . . . . . . . . . . . Parts Field Recycled . | . . . . . . . . . . . . . Retrieved Matter . | . . . . . . . . . . . . . Parts Self-Destructed . | . . . . . . . . . . . . . Prevented . | . . . . . . . . . . . . . Kills | -11 -10 -10 -10 -9 -8 -7 -6 -5 -4 -3 -2 -1 ------- Run | Scr Mat Min Exi Min Mat Fac Fac Fac Fac Res Res Acc Combat Hostiles Destroyed 10 | . . . . . 1 . . 5 1 . 3 . Melee 5 | . . . . . . . . 1 1 . 3 . Cannons 1 | . . . . . 1 . . . . . . . AOE 4 | . . . . . . . . 4 . . . . Classes Destroyed 10 | . . . . . 6 1 . 2 1 . . . Worker 4 | . . . . . 1 1 . 2 . . . . Builder 4 | . . . . . . 2 . . 1 1 . . Hauler 4 | . . . . . 1 1 . 1 . 1 . . Recycler 2 | . . . . . 1 . . . 1 . . . Mechanic 1 | . . . . . . . . 1 . . . . Operator 7 | . . . . . 2 1 1 2 1 . . . Watcher 6 | . . . . . 1 1 . 1 . . 2 1 Swarmer 5 | . . . . . . . . 5 . . . . Sentry 1 | . . . . . 1 . . . . . . . Programmer 4 | . . . . . . . . . 1 . 3 . Best Kill Streak 4 | . . . . . 2 2 1 4 3 1 2 1 Combat Bots Only 4 | . . . . . 1 . . 4 1 . 2 . Max Kills in Single Turn 3 | . . . . . 1 1 1 3 1 1 1 1 Gunslinging . | . . . . . . . . . . . . . Exploded 3 | . . . . . . . . 3 . . . . Melee 1 | . . . . . . . . 1 1 . 1 . Uniques/NPCs Destroyed . | . . . . . . . . . . . . . Combat | -11 -10 -10 -10 -9 -8 -7 -6 -5 -4 -3 -2 -1 -------- Run | Scr Mat Min Exi Min Mat Fac Fac Fac Fac Res Res Acc Damage Taken 3195 | . . . . 39 431 126 309 476 822 536 456 . Core 570 | . . . . 8 95 90 32 108 106 37 94 . Absorbed by Shields 428 | . . . . . . . . . 132 105 191 . Core Remaining (%) 93 | 100 . . . 96 82 87 96 89 90 97 93 100 Volleys Fired 25 | . 3 . . . 15 . . 7 . . . . Largest 2 | . 2 . . . 2 . . 1 . . . . Hottest 116 | . 70 . . . 116 . . 43 . . . . Shots Fired 40 | . 6 . . . 27 . . 7 . . . . Gun 6 | . 6 . . . . . . . . . . . Cannon 27 | . . . . . 27 . . . . . . . Launcher 7 | . . . . . . . . 7 . . . . Special . | . . . . . . . . . . . . . Kinetic 3 | . 3 . . . . . . . . . . . Thermal 10 | . 3 . . . 7 . . . . . . . Explosive . | . . . . . . . . . . . . . Electromagnetic 27 | . . . . . 20 . . 7 . . . . Robot Hit Streak 18 | . 4 . . . 18 . . 2 . . . . Robot Miss Streak 2 | . 1 . . . 1 . . 2 . . . . Penetration Max . | . . . . . . . . . . . . . Secondary Targets . | . . . . . . . . . . . . . Shots Hit Robots 94 | . 5 . . . 22 8 3 14 5 16 18 3 Core Hits 41 | . . . . . 7 4 1 14 4 2 7 2 Critical Kills . | . . . . . . . . . . . . . Critical Parts Destroyed 4 | . . . . . . . . . . 4 . . Critical Strikes 7 | . . . . . 1 . . . . 4 2 . Corrupt 1 | . . . . . 1 . . . . . . . Smash 4 | . . . . . . . . . . 4 . . Impale 2 | . . . . . . . . . . . 2 . Melee Attacks 245 | . . . . . . 34 32 57 41 20 47 14 Impact 17 | . . . . . . 4 . . . 13 . . Slashing 162 | . . . . . . 30 29 57 41 5 . . Piercing 63 | . . . . . . . . . . 2 47 14 Sneak Attacks 12 | . . . . . . 4 . 4 2 2 . . Combat Hostiles . | . . . . . . . . . . . . . Follow-up Attacks 5 | . . . . . . . . . . 3 2 . Damage Inflicted 4434 | . 48 . . . 630 488 178 1024 374 868 667 157 Guns 48 | . 48 . . . . . . . . . . . Cannons 545 | . . . . . 545 . . . . . . . Explosions 412 | . . . . . 85 . . 317 10 . . . Melee 3429 | . . . . . . 488 178 707 364 868 667 157 Ramming . | . . . . . . . . . . . . . Kinetic 23 | . 23 . . . . . . . . . . . Thermal 252 | . 25 . . . 106 . . 121 . . . . Explosive 85 | . . . . . 85 . . . . . . . Electromagnetic 645 | . . . . . 439 . . 196 10 . . . Impact 753 | . . . . . . 98 . . . 655 . . Slashing 1852 | . . . . . . 390 178 707 364 213 . . Piercing 824 | . . . . . . . . . . . 667 157 Highest Corruption 5 | . . . . . . . 2 . 2 3 5 . Average Corruption 2 | . . . . . . . 2 . 1 2 3 . Corruption Purged . | . . . . . . . . . . . . . Corruption Blocked . | . . . . . . . . . . . . . Effects 10 | . . . . . . . . . 1 1 8 . Message Errors 1 | . . . . . . . . . . . 1 . Matter Fused 4 | . . . . . . . . . 1 1 2 . Heat Flow Errors 3 | . . . . . . . . . . . 3 . Data Loss (minor) 2 | . . . . . . . . . . . 2 . Overload Shots . | . . . . . . . . . . . . . Overflow Damage 805 | . . . . . 48 118 63 17 40 422 96 1 Projectiles 25 | . . . . . 25 . . . . . . . Explosions 29 | . . . . . 23 . . 6 . . . . Melee 751 | . . . . . . 118 63 11 40 422 96 1 Knockbacks 5 | . . . . . . . . . . 5 . . Impact 4 | . . . . . . . . . . 4 . . Kinetic . | . . . . . . . . . . . . . Secondary 1 | . . . . . . . . . . 1 . . Self-Inflicted Damage 100 | . . . . . 92 . . 8 . . . . Shots 3 | . . . . . 2 . . 1 . . . . Rammed . | . . . . . . . . . . . . . Targets Rammed . | . . . . . . . . . . . . . Kicked . | . . . . . . . . . . . . . Crushed . | . . . . . . . . . . . . . Highest Temperature 270 | . 40 . . . 231 . 168 . . . 270 . Average Temperature 81 | . 19 . . . 63 . 69 . . . 142 . Received Heat Transfer 529 | . . . . 36 126 . 63 99 128 35 42 . Effects 1 | . . . . . . . . . . . 1 . Energy Bleed 1 | . . . . . . . . . . . 1 . Siege Activations . | . . . . . . . . . . . . . Robots Corrupted 1 | . . . . . 1 . . . . . . . Combat Hostiles . | . . . . . . . . . . . . . Parts Fried 3 | . . . . . 3 . . . . . . . Impact Corruptions 17 | . . . . . . 3 . . . 14 . . Robots Melted . | . . . . . . . . . . . . . Combat Hostiles . | . . . . . . . . . . . . . Parts Melted . | . . . . . . . . . . . . . Heat Transferred 446 | . 74 . . . 222 . . 150 . . . . Parts Sabotaged . | . . . . . . . . . . . . . Parts Stolen . | . . . . . . . . . . . . . Parts Stripped . | . . . . . . . . . . . . . Power Chain Reactions 1 | . . . . . . . . 1 . . . . Missiles Intercepted . | . . . . . . . . . . . . . Alert | -11 -10 -10 -10 -9 -8 -7 -6 -5 -4 -3 -2 -1 ------- Run | Scr Mat Min Exi Min Mat Fac Fac Fac Fac Res Res Acc Peak Influence 583 | . 19 5 . . 200 196 303 583 569 383 311 103 Initial 217 | . . 5 . . . 66 5 15 16 217 161 30 Average 148 | . 9 5 . . 57 143 77 341 133 245 148 51 Maximum Alert Level 2 | . . . . . 1 . 1 2 2 1 1 . Low Security (%) 68 | 100 100 100 . 100 99 100 86 11 75 . 79 100 Level 1 25 | . . . . . . . 13 58 17 100 20 . Level 2 6 | . . . . . . . . 29 6 . . . Level 3 . | . . . . . . . . . . . . . Level 4 . | . . . . . . . . . . . . . Level 5 . | . . . . . . . . . . . . . High Security . | . . . . . . . . . . . . . Max Security . | . . . . . . . . . . . . . Squads Dispatched 32 | . . . . . 3 4 6 4 5 1 7 2 Investigation 15 | . . . . . . 2 3 3 1 1 3 2 Extermination 4 | . . . . . . . . . 1 . 3 . Reinforcement 12 | . . . . . 3 2 2 1 3 . 1 . Assault . | . . . . . . . . . . . . . Garrison 1 | . . . . . . . 1 . . . . . Intercept . | . . . . . . . . . . . . . Searches Triggered . | . . . . . . . . . . . . . Construction Impeded . | . . . . . . . . . . . . . Haulers Reinforced 1 | . . . . . . . 1 . . . . . Active Scanning Responses . | . . . . . . . . . . . . . Cargo Convoy Interrupts . | . . . . . . . . . . . . . Stealth | -11 -10 -10 -10 -9 -8 -7 -6 -5 -4 -3 -2 -1 --------- Run | Scr Mat Min Exi Min Mat Fac Fac Fac Fac Res Res Acc Distress Signals 14 | . . . . . 3 . 3 3 1 . 4 . Communications Jammed 16 | . . . . . . . . . 4 . 12 . Distress Signals 11 | . . . . . . . . . . . 11 . Times Spotted 218 | . 2 . . 2 26 15 26 47 47 15 34 4 Peak Tracking Total 14 | . 1 . . 2 11 7 12 9 11 9 14 3 Tactical Retreats 47 | . . . . . 4 1 8 15 10 2 6 1 Traps | -11 -10 -10 -10 -9 -8 -7 -6 -5 -4 -3 -2 -1 ------- Run | Scr Mat Min Exi Min Mat Fac Fac Fac Fac Res Res Acc Traps Triggered 6 | . . . . . . 2 2 1 . . 1 . Indirectly . | . . . . . . . . . . . . . Trap Hack Attempts 5 | . . . . . . . 5 . . . . . Triggered . | . . . . . . . . . . . . . Disarmed 4 | . . . . . . . . . 4 . . . Reprogrammed 8 | . . . . . . . 8 . . . . . Reused 5 | . . . . . 2 . 3 . . . . . Traps Extracted 2 | . . . . . . . 2 . . . . . Installed 4 | . . . . . 2 . 2 . . . . . Triggered 5 | . . . . . 2 . 3 . . . . . Most Traps Carried 5 | . . . . 5 5 . 1 . . . . . Machines | -11 -10 -10 -10 -9 -8 -7 -6 -5 -4 -3 -2 -1 ---------- Run | Scr Mat Min Exi Min Mat Fac Fac Fac Fac Res Res Acc Machines Disabled 7 | . . . . . 4 . . 2 1 . . . Max in Single Turn 3 | . . . . . 3 . . 2 1 . . . Garrison Access 7 | . . . . . 1 1 1 1 . 1 1 1 Machines Sabotaged . | . . . . . . . . . . . . . Garrisons Compromised . | . . . . . . . . . . . . . Overloaded Fab Kills . | . . . . . . . . . . . . . Hacking | -11 -10 -10 -10 -9 -8 -7 -6 -5 -4 -3 -2 -1 --------- Run | Scr Mat Min Exi Min Mat Fac Fac Fac Fac Res Res Acc Machines Accessed 54 | . 2 . . . 4 7 7 11 9 2 8 4 Terminals 30 | . 2 . . . 3 3 5 6 5 . 3 3 Fabricators 11 | . . . . . . 1 . 3 3 1 3 . Repair Stations . | . . . . . . . . . . . . . Recycling Units 4 | . . . . . . 2 1 1 . . . . Scanalyzers 2 | . . . . . . . . . 1 . 1 . Garrison Access 7 | . . . . . 1 1 1 1 . 1 1 1 Total Hacks 154 | . 5 . . . 9 14 26 29 30 4 25 12 Successful 127 | . 2 . . . 4 10 22 20 28 4 25 12 Failed 27 | . 3 . . . 5 4 4 9 2 . . . Catastrophic 2 | . . . . . 1 . . 1 . . . . Database Lockouts . | . . . . . . . . . . . . . Manual 91 | . 5 . 1 . 5 8 15 19 18 1 10 9 Terminals 100 | . 5 . . . 8 6 23 18 19 . 10 11 Fabricators 33 | . . . . . . 5 . 8 9 3 8 . Repair Stations . | . . . . . . . . . . . . . Recycling Units 5 | . . . . . . 2 2 1 . . . . Scanalyzers 8 | . . . . . . . . . 2 . 6 . Garrison Access 8 | . . . . . 1 1 1 2 . 1 1 1 Terminal Hacks 70 | . 2 . . . 3 3 19 9 16 . 9 9 Record 1 | . . . . . . . . . 1 . . . Part Schematic 7 | . . . . . . 2 4 . 1 . . . Prototype ID Bank 2 | . . . . . . . 1 . 1 . . . Open Door 1 | . . . . . . . . . . . . 1 Level Access Points 4 | . . . . . . . 1 . 1 . 1 1 Emergency Access Points 1 | . . . . . . . 1 . . . . . Terminal Index 5 | . . . . . . . 1 1 1 . . 2 Fabricator Index 4 | . . . . . . . 1 1 1 . . 1 Recycling Unit Index 1 | . . . . . . . 1 . . . . . Garrison Index 1 | . . . . . . . 1 . . . . . Alert Level 1 | . . . . . . . 1 . . . . . Unreport Threat 12 | . . . . . . . 2 3 2 . 3 2 Locate Traps 3 | . . . . . . . 1 1 1 . . . Disarm Traps 1 | . . . . . . . . . 1 . . . Reprogram Traps 1 | . . . . . . . 1 . . . . . Dispatch Records 4 | . . . . . . . . . 2 . 2 . Recall Investigation 5 | . . . . . 1 1 . 2 . . 1 . Recall Extermination 1 | . . . . . . . . . . . 1 . Recall Reinforcements 4 | . . . . . 1 . . . 2 . 1 . Registered Components 1 | . . . . . . . 1 . . . . . Zone Layout 10 | . 2 . . . 1 . 2 1 2 . . 2 Fabricator Hacks 25 | . . . . . . 3 . 6 6 2 8 . Load Schematic 13 | . . . . . . 2 . 3 3 1 4 . Build 12 | . . . . . . 1 . 3 3 1 4 . Repair Station Hacks . | . . . . . . . . . . . . . Recycling Unit Hacks 5 | . . . . . . 2 2 1 . . . . Retrieve Components 5 | . . . . . . 2 2 1 . . . . Scanalyzer 8 | . . . . . . . . . 2 . 6 . Insert Component 4 | . . . . . . . . . 1 . 3 . Analyze 4 | . . . . . . . . . 1 . 3 . Garrison Access Hacks 7 | . . . . . 1 1 1 1 . 1 1 1 Seal Access 7 | . . . . . 1 1 1 1 . 1 1 1 Unauthorized Hacks 12 | . . . . . . 1 . 3 4 1 1 2 Terminals 6 | . . . . . . . . 2 1 . 1 2 Track 1 | . . . . . . . . . . . . 1 Assimilate 1 | . . . . . . . . 1 . . . . Detonate 1 | . . . . . . . . . 1 . . . Disrupt 3 | . . . . . . . . 1 . . 1 1 Fabricators 6 | . . . . . . 1 . 1 3 1 . . Prioritize 6 | . . . . . . 1 . 1 3 1 . . Repair Stations . | . . . . . . . . . . . . . Recycling Units . | . . . . . . . . . . . . . Scanalyzers . | . . . . . . . . . . . . . Garrison Access . | . . . . . . . . . . . . . Data Cores Recovered . | . . . . . . . . . . . . . Used . | . . . . . . . . . . . . . Hacking Detections 41 | . 2 . . . 3 3 6 9 9 1 5 3 Full Trace Events 13 | . . . . . . 1 2 3 1 1 3 2 Feedback Events 1 | . . . . . . . . . . . . 1 Hackware Fried 1 | . . . . . . . . . . . . 1 Feedback Blocked . | . . . . . . . . . . . . . Robot Schematics Acquired . | . . . . . . . . . . . . . Robots Built . | . . . . . . . . . . . . . Authchips . | . . . . . . . . . . . . . Time . | . . . . . . . . . . . . . Total Robot Build Rating . | . . . . . . . . . . . . . Part Schematics Acquired 11 | . . . . . . 2 4 . 2 . 3 . Parts Built 14 | . . . . . . 1 . 3 3 2 5 . Authchips . | . . . . . . . . . . . . . Time 829 | . . . . . . 73 . 237 186 58 275 . Total Part Build Rating 88 | . . . . . . 3 . 15 21 14 35 . Parts Repaired . | . . . . . . . . . . . . . Time . | . . . . . . . . . . . . . Parts Recycled . | . . . . . . . . . . . . . Recycled Matter . | . . . . . . . . . . . . . Retrieved Matter . | . . . . . . . . . . . . . Retrieved Components 4 | . . . . . . 3 . 1 . . . . Parts Scanalyzed 4 | . . . . . . . . . 1 . 3 . Part Schematics Acquired 4 | . . . . . . . . . 1 . 3 . Parts Damaged . | . . . . . . . . . . . . . Bothacking | -11 -10 -10 -10 -9 -8 -7 -6 -5 -4 -3 -2 -1 ------------ Run | Scr Mat Min Exi Min Mat Fac Fac Fac Fac Res Res Acc Used RIF Installer . | . . . . . . . . . . . . . Robots Hacked . | . . . . . . . . . . . . . Non-combat . | . . . . . . . . . . . . . Combat . | . . . . . . . . . . . . . Robot Hacks Applied . | . . . . . . . . . . . . . Relay Couplers Released . | . . . . . . . . . . . . . Fabnet Peak Effective % . | . . . . . . . . . . . . . Robots Rewired . | . . . . . . . . . . . . . Allies Hacked . | . . . . . . . . . . . . . Hacks Repelled . | . . . . . . . . . . . . . Allies | -11 -10 -10 -10 -9 -8 -7 -6 -5 -4 -3 -2 -1 -------- Run | Scr Mat Min Exi Min Mat Fac Fac Fac Fac Res Res Acc Total Allies . | . . . . . . . . . . . . . Largest Group . | . . . . . . . . . . . . . Highest-Rated Group . | . . . . . . . . . . . . . Highest-Rated Ally . | . . . . . . . . . . . . . Total Orders . | . . . . . . . . . . . . . Ally Attacks . | . . . . . . . . . . . . . Total Damage . | . . . . . . . . . . . . . Kills . | . . . . . . . . . . . . . Allies Corrupted . | . . . . . . . . . . . . . Allies Melted . | . . . . . . . . . . . . . Intel | -11 -10 -10 -10 -9 -8 -7 -6 -5 -4 -3 -2 -1 ------- Run | Scr Mat Min Exi Min Mat Fac Fac Fac Fac Res Res Acc Robot Analysis Total . | . . . . . . . . . . . . . Derelict Logs Recovered . | . . . . . . . . . . . . . Drone Launches . | . . . . . . . . . . . . . Drone Recoveries . | . . . . . . . . . . . . . Exploration | -11 -10 -10 -10 -9 -8 -7 -6 -5 -4 -3 -2 -1 ------------- Run | Scr Mat Min Exi Min Mat Fac Fac Fac Fac Res Res Acc Turns Passed 5322 | 122 273 50 402 248 587 413 425 897 693 388 679 145 Spaces Moved 8284 | 71 152 32 251 150 621 847 1035 1755 1348 544 1183 295 Core 11 | 11 . . . . . . . . . . . . Treads 726 | 60 152 32 251 150 81 . . . . . . . Legs . | . . . . . . . . . . . . . Wheels . | . . . . . . . . . . . . . Hover . | . . . . . . . . . . . . . Flight 7547 | . . . . . 540 847 1035 1755 1348 544 1183 295 Fastest Speed 25 | 50 160 160 160 160 34 29 26 25 29 29 31 32 Average Speed 43 | 142 160 160 160 160 75 29 26 28 30 40 31 32 Slowest Speed 360 | 160 160 160 160 160 360 37 29 32 106 106 34 32 Overloaded Moves . | . . . . . . . . . . . . . Propulsion Burnouts . | . . . . . . . . . . . . . Robots Hopped 42 | . . . . . 5 1 7 9 8 2 10 . Cave-ins Triggered 1 | . . . . . . . 1 . . . . . Time Travels 1 | . . . 1 . . . . . . . . . Exploration Rate (%) 29 | 5 37 10 59 50 46 23 28 35 33 16 28 9 Regions Visited 12 Branch Regions 3 Pre-discovered Areas . | . . . . . . . . . . . . . Known Exits Taken 12 | 1 1 1 1 1 1 1 1 1 1 1 1 . Unknown Exits Taken . | . . . . . . . . . . . . . Scrap Searched 1 | . . . . 1 . . . . . . . . Spaces Dug 130 | . . . . . . 17 24 36 27 2 18 6 Terrain Destroyed 224 | . . . . . 50 17 24 80 27 2 18 6 Melee 130 | . . . . . . 17 24 36 27 2 18 6 Projectile . | . . . . . . . . . . . . . AOE 94 | . . . . . 50 . . 44 . . . . Terrain Rammed . | . . . . . . . . . . . . . Walls Destroyed . | . . . . . . . . . . . . . Machines Disabled . | . . . . . . . . . . . . . Actions | -11 -10 -10 -10 -9 -8 -7 -6 -5 -4 -3 -2 -1 --------- Run | Scr Mat Min Exi Min Mat Fac Fac Fac Fac Res Res Acc Total 9505 | 91 177 31 252 158 712 964 1123 2050 1549 680 1397 321 Wait 733 | 1 21 . . . 30 66 31 198 138 98 140 10 Move 8190 | 70 151 31 250 149 610 844 1020 1736 1332 539 1164 294 Hop 38 | . . . . . 5 1 6 9 7 2 8 . Pick Up 102 | 12 . . . 6 12 8 12 19 9 8 15 1 Fast Attach 24 | . 1 . 1 . 6 6 . 2 3 1 4 . Attach 67 | 7 . . . . 10 4 10 10 6 9 8 3 Detach 4 | . . . . . 3 . . . 1 . . . Swap 31 | 1 . . . 2 3 . 4 8 5 1 6 1 Drop 67 | . 1 . 1 1 16 7 1 12 10 6 11 1 Fire 25 | . 3 . . . 15 . . 7 . . . . Melee 214 | . . . . . . 28 31 49 38 16 41 11 Ram . | . . . . . . . . . . . . . Kick . | . . . . . . . . . . . . . Crush . | . . . . . . . . . . . . . Escape Stasis 1 | . . . . . . . 1 . . . . . Rewire . | . . . . . . . . . . . . . Trap 9 | . . . . . 2 . 7 . . . . . Miscellaneous . | . . . . . . . . . . . . . Route ------- -11/Scrapyard -10/Materials -10/Mines -10/Exiles -9/Mines -8/Materials -7/Factory -6/Factory (discovered 4 exits: *Fac x4) -5/Factory -4/Factory (discovered 5 exits: *Res x4 / *Ext) -3/Research -2/Research (discovered 4 exits: *Acc x3 / *Qua) -1/Access To Epsilon Eridani History --------- Turn | Location | Event 2 | -11/Scrapyard | Met Revision 17 4 | -11/Scrapyard | Identified exit to Materials 4 | -11/Scrapyard | Discovered exit to Materials (range 16) 123 | -11/Scrapyard | Entered Materials 123 | -10/Materials | Evolved 1 slot: Power x1 314 | -10/Materials | Build established: Hacker-Mutant 353 | -10/Materials | Identified exit to Mines 353 | -10/Materials | Discovered exit to Mines (range 12) 396 | -10/Materials | Entered Mines 440 | -10/Mines | Deemed a non-threat by the Exiles lab entrance 440 | -10/Mines | Identified exit to Exiles 440 | -10/Mines | Discovered exit to Exiles (range 5) 446 | -10/Mines | Entered Exiles 485 | -10/Exiles | Met 8R-AWN 512 | -10/Exiles | Met EX-HEX 560 | -10/Exiles | Met EX-BIN 582 | -10/Exiles | Aligned with FarCom system 584 | -10/Exiles | Given EX-Vault access code 621 | -10/Exiles | Opened EX-Vault 629 | -10/Exiles | Found Prototype Device 629 | -10/Exiles | Identified Chronowheel 629 | -10/Exiles | Activated Chronowheel 629 | -10/Exiles | Spacetime reconverged on an earlier point 725 | -10/Exiles | Warned to stay clear of 0b10 Research branches 772 | -10/Exiles | Met EX-DEC 824 | -10/Exiles | Identified exit to Mines 824 | -10/Exiles | Discovered exit to Mines (range 14) 848 | -10/Exiles | Entered Mines 984 | -9/Mines | Found a hidden stash of uninstalled traps 1088 | -9/Mines | Identified exit to Materials 1088 | -9/Mines | Discovered exit to Materials (range 6) 1096 | -9/Mines | Entered Materials 1096 | -8/Materials | Evolved 4 slots: Propulsion x2, Utility x2 1679 | -8/Materials | Identified exit to Factory 1679 | -8/Materials | Discovered exit to Factory (range 14) 1683 | -8/Materials | Entered Factory 1683 | -7/Factory | Evolved 2 slots: Utility x2 1950 | -7/Factory | Fabricated Hacking Suite (x1) 1981 | -7/Factory | Identified exit to Factory 1981 | -7/Factory | Discovered exit to Factory (range 3) 2057 | -7/Factory | Build established: Hacker-Scout 2096 | -7/Factory | Entered another Factory area 2096 | -6/Factory | Evolved 2 slots: Propulsion x1, Utility x1 2305 | -6/Factory | Assembled infested ambush trap array 2357 | -6/Factory | Garrison activated, responded to threat 2427 | -6/Factory | Identified exit to Factory 2451 | -6/Factory | Crushed by falling debris 2521 | -6/Factory | Entered another Factory area 2521 | -5/Factory | Evolved 2 slots: Propulsion x1, Utility x1 2753 | -5/Factory | Build established: Hacker-Sprinter 2865 | -5/Factory | Found Prototype Processor 2865 | -5/Factory | Identified Exp. Targeting Computer 3003 | -5/Factory | Fabricated Imp. Hacking Suite (x1) 3070 | -5/Factory | Fabricated Imp. Hacking Suite? 3233 | -5/Factory | Build established: Wizard-Sprinter 3343 | -5/Factory | Fabricated Imp. Hacking Suite? 3411 | -5/Factory | Identified exit to Factory 3411 | -5/Factory | Discovered exit to Factory (range 13) 3418 | -5/Factory | Entered another Factory area 3418 | -4/Factory | Evolved 2 slots: Utility x2 3506 | -4/Factory | Identified exit to Research 3602 | -4/Factory | Fabricated Exp. Hacking Suite (x1) 3656 | -4/Factory | Fabricated Exp. Hacking Suite (x1) 3711 | -4/Factory | Fabricated Exp. Hacking Suite (x1) 3765 | -4/Factory | Identified exit to Extension 3765 | -4/Factory | Discovered exit to Extension (range 13) 4111 | -4/Factory | Entered Research 4111 | -3/Research | Evolved 2 slots: Propulsion x2 4227 | -3/Research | Fabricated Field Propulsion Array (x2) 4495 | -3/Research | Spotted B-86 Titan 4496 | -3/Research | Identified exit to Research 4496 | -3/Research | Discovered exit to Research (range 10) 4499 | -3/Research | Entered another Research area 4499 | -2/Research | Evolved 2 slots: Utility x2 4583 | -2/Research | Fabricated Exp. Hacking Suite? 4586 | -2/Research | Fabricated Exp. Hacking Suite? 4620 | -2/Research | Fabricated Exp. Hacking Suite (x1) 4681 | -2/Research | Fabricated Field Propulsion Array? 4685 | -2/Research | Identified exit to Quarantine 4685 | -2/Research | Discovered exit to Quarantine (range 7) 4843 | -2/Research | Identified exit to Access 4970 | -2/Research | Spotted B-90 Cyclops 5016 | -2/Research | Lost 3 parts (1p1n1u) 5178 | -2/Research | Entered Access 5178 | -1/Access | Evolved 2 slots: Utility x2 5218 | -1/Access | Identified exit to Surface 5275 | -1/Access | Exp. Hacking Suite fried by hacking feedback 5323 | *** | Escaped! Last Messages --------------- >>Layout(Zone) Retrieving Zone 1X layout... Downloaded map data. >>Trojan(Track) Trojan loaded successfully. Testing... Tracking enabled and active. 05275_ Connecting with Terminal... >>Alert(Purge) Purged threat record, alert level lowered. >>Alert(Purge) No threats on record. Feedback: Exp. Hacking Suite fried. 05275_ ALERT: Suspicious activity at Terminal A011. Dispatching Investigation squad. 05318_ Connecting with Terminal... >>Open(Door) Sealed Barrier opened. 05318_ The Access Shell folds into the floor. 05319_ Dropped Adv. Signal Interpreter. Map ----- +----------------------------------------------------+ | ?????????????????????????????????????????????????? | | ?????????????????????????????????????????????????? | | ????????????????????????????????????????######+### | | ????????????????????????????????????????# | | ????????????????????????????????????????# | | ????????????????????????????????????????# | | ????????????????????????????????????????# | | ????????????????????????????????????????# "" | | ????????????????????????????????????????# "" | | ????????????????????????????????????????# """""" | | ????????????????????????????????????????# """""" | | ?????????????????????????????????######## "" | | ?????????????????????????????????? # "" | | ???????????????????????????????????? # | | ?????????????????????????????????????# # | | ?????????????????????????????????????# "######+## | | ?????????????????????????????????????# ##????# #? | | ?????????????????????????????????????# #?????# #? | | ?????????????????????????????????????# #?????# #? | | ?????????????????????????????###?????# #?????# #? | | ????????????????????########## ####### #?????# #? | | ????????????????????" #?????# #? | | ??????????????BB????" #?????# #? | | ??????????????BB????" #?????# #? | | ????????????????????" #?????# #? | | ????????????????????" "@ #?????# #? | | ????????????????????" "" #?????# #? | | ????????????????????" ! #?????# #? | | ??????????????BB????" #?????# | | ??????????????BB????" """ """ #?????#### | | ????????????????????" """T""" #????????? | | ????????????????????########## ####### #????????? | | ?????????????????????????????###?????# #????????? | | ?????????????????????????????????????? #????????? | | ?????????????????????????????????????? #????????? | | ?????????????????????????????????????? #????????? | | ?????????????????????????????????????? #????????? | | ?????????????????????????????????????? #????????? | | ?????????????????????????????????????? #????????? | | ?????????????????????????????????????? #????????? | | ?????????????????????????????????????? ????????? | | ?????????????????????????????????????? ????????? | | ??????????????????????????????????????? ?????????? | | ?????????????????????????????????????????????????? | | ?????????????????????????????????????????????????? | | ?????????????????????????????????????????????????? | | ?????????????????????????????????????????????????? | | ?????????????????????????????????????????????????? | | ?????????????????????????????????????????????????? | | ?????????????????????????????????????????????????? | +----------------------------------------------------+ Best States ------------- Heat Dissipation 80 Energy Generation 46 Energy Capacity 595 Matter Stores 300 Matter Capacity 300 Sight Range 22 Robot Scan Range 14 Terrain Scan Range 16 Terrain Scan Density 110 Jamming Range 16 Power Amplification 30 Additional Mass Support 9 EM Shielding 2 Armor Coverage 225 Resistance: KI 35 Resistance: TH 35 Resistance: EX 35 Resistance: EM 35 Resistance: I 35 Resistance: S 35 Resistance: P 35 Evasion (%) 65 Recoil Reduction 4 Offensive Hacking 116 Defensive Hacking 14 Trap Extractor Capacity 6 Item Schematics ----------------- Hacking Suite | -7/Factory | Hacked System Shield | -7/Factory | Hacked Imp. Hacking Suite | -6/Factory | Hacked Med. Storage Unit | -6/Factory | Hacked Field Propulsion Drive | -6/Factory | Hacked Hvy. Siege Treads | -6/Factory | Hacked Field Propulsion Array | -4/Factory | Scanalyzed Exp. Hacking Suite | -4/Factory | Hacked Adv. Transmission Jammer | -2/Research | Scanalyzed Datajack | -2/Research | Scanalyzed Adv. Power Amplifier | -2/Research | Scanalyzed Robot Schematics ------------------ None Fabricated ------------ Hacking Suite | x1 | -7/Factory Imp. Hacking Suite | x1 | -5/Factory Imp. Hacking Suite | x1 | -5/Factory Imp. Hacking Suite | x1 | -5/Factory Exp. Hacking Suite | x1 | -4/Factory Exp. Hacking Suite | x1 | -4/Factory Exp. Hacking Suite | x1 | -4/Factory Field Propulsion Array | x2 | -3/Research Exp. Hacking Suite | x1 | -2/Research Exp. Hacking Suite | x1 | -2/Research Exp. Hacking Suite | x1 | -2/Research Field Propulsion Array | x2 | -2/Research Alien Tech Used ----------------- None Achievements -------------- l33t h4x0r Challenges ------------ None Game ------ Seed NetworkHugePerforator Manual? 0 Play Time 02:03:53 Cumulative 272.0 hours Start 2022.11.17 @ 18:43:08 End 2022.11.17 @ 20:49:57 Sessions 1 Manual Loads 0 Difficulty Explorer Special Mode None Game No. 273 Rogue 119 Adventurer 81 Explorer 73 Win Type 0 Total 17 Types 15/0/2/0/0/0/0/0/0 Lore% 44 Gallery% 74 Achievement% 60 Wizard Run 0 Options --------- ASCII 0 Keyboard 0 Movement Mouse Keybinds 0 Fullscreen 1 Font 12/Tallcaps Map View 83x54 Tactical HUD 1 Map Filters NONE Filters NONE Steam 1 RUN: 4e2657bb-733c-4dca-8c77-1f574fbbdc64